 Dungeon Crawl Stone Soup version 0.32-a0-39-g5c88369fb2 (webtiles) character file.

Game seed: 746885977082438114

39 Gargoyl the Trooper (level 3, 0/24 HPs)
             Began as a Gargoyle Berserker on Jan 29, 2024.
             Was a Believer of Trog.
             Killed from afar by Sigmund (2 damage)
             ... with a magic dart
             ... on level 2 of the Dungeon.
             The game lasted 00:01:05 (909 turns).

Gargoyl the Trooper (Gargoyle Berserker)             Turns: 909, Time: 00:01:06

Health: 0/24       AC:  5    Str: 20    XL:     3   Next: 45%
Magic:  3/3        EV: 12    Int:  7    God:    Trog [**....]
Gold:   35         SH:  0    Dex: 11    Spells: 2/2 levels left

rFire   . . .        a - +0 hand axe
rCold   . . .        (no shield)
rNeg    + . .        b - +0 animal skin
rPois   ∞            (no helmet)
rElec   +            (no cloak)
rCorr   .            (no gloves)
SInv    .            (no boots)
Will    .....        (no amulet)
Stlth   +            (no ring)
HPRegen 0.24/turn    (no ring)
MPRegen 0.08/turn

%: no passive effects
@: no status effects
A: sickness immunity, AC +3, negative energy resistance 1, electricity
resistance, torment resistance 1, petrification resistance
a: Renounce Religion, Berserk, Trog's Hand


You were on level 2 of the Dungeon.
You worshipped Trog.
Trog was pleased with you.
You visited 1 branch of the dungeon, and saw 2 of its levels.

You collected 35 gold pieces.

Inventory:

Hand Weapons
 a - a +0 hand axe (weapon)
Armour
 b - a +0 animal skin (worn)
Jewellery
 g - a ring of see invisible
Scrolls
 d - a scroll of identify {unknown}
 f - a scroll of fear {unknown}
Potions
 c - a potion of invisibility {unknown}
 e - a potion of lignification {unknown}
 h - a potion of heal wounds {unknown}
 i - a potion of resistance {unknown}


   Skills:
 + Level 3.8 Fighting
 + Level 3.4 Axes
 + Level 2.2 Armour
 + Level 1.8 Dodging


You had 2 spell levels left.
You didn't know any spells.
Your spell library was empty.

Dungeon Overview and Level Annotations

Branches:
Dungeon (2/15)

Altars:

Annotations:
D:2 Sigmund


Innate Abilities, Weirdness & Mutations

You are immune to sickness and miasma.
Your stone body is resilient. (AC +3)
You are immune to poison.
You resist negative energy. (rN+)
You are resistant to electric shocks. (rElec)
You are resistant to unholy torment.
You are immune to petrification.


Message History

A ball python comes into view.
You see here an orange potion.
The ball python misses you. x2
You hit the ball python.
You kill the ball python!
Trog accepts your kill.
You see here a ball python corpse.
You see here a ball python corpse.
i - an orange potion
Found a book of Spatial Translocations.
A kobold comes into view.
It is wielding a +0 short sword of electrocution.
A kobold is nearby!
The kobold shouts!
Sigmund the Dreaded comes into view.
He is wielding a +1 scythe of freezing.
You hit the kobold but do no damage. The kobold hits you but does no damage.
You slash the kobold!
You kill the kobold!
Trog accepts your kill. Sigmund gestures at you while chanting.
You are confused.
Okay, then.
Sigmund hits you but does no damage.
Sigmund hits you from afar with a +1 scythe of freezing.
Sigmund freezes you.
Sigmund hits you with a +1 scythe of freezing!
Sigmund freezes you.
You feel less confused. Sigmund casts a spell at you.
You are confused.
Sigmund closely misses you.
Sigmund screams, "Don't try to resist!"
Sigmund hits you with a +1 scythe of freezing!
* * * LOW HITPOINT WARNING * * *
Sigmund freezes you.
* * * LOW HITPOINT WARNING * * *
You feel less confused. Sigmund gestures at you while chanting.
The magic dart hits you.
You die...
Sigmund begins carving another notch in his scythe.

######## ###......# ##
#<#......# #.. #.#......#
##..
#.#......##########...#
#.#........@........#
#.###......†..@....##
#.###.....(.......#######
#..†.....................
####.....................
#..............)......
#.....................
#.....................
#..................###


You could see Sigmund.

Vanquished Creatures
  A dart slug (D:1)
  2 bats (D:1)
  8 endoplasms
  2 goblins (D:1)
  6 hobgoblins (D:1)
  2 jackals (D:1)
  2 kobolds
  A quokka (D:1)
  4 ball pythons
  2 rats
30 creatures vanquished.

Notes
Turn   | Place    | Note
-------+----------+-------------------------------------------
     0 | D:1      | Gargoyl the Gargoyle Berserker began the quest for the Orb.
     0 | D:1      | Reached XP level 1. HP: 14/14 MP: 1/1
    26 | D:1      | Reached XP level 2. HP: 19/19 MP: 2/2
   208 | D:1      | Reached XP level 3. HP: 22/23 MP: 3/3
   231 | D:1      | Reached ** piety under Trog
   890 | D:2      | Noticed Sigmund
   907 | D:2      | HP: 1/24 [Sigmund/+1 scythe of freezing (1)]
   909 | D:2      | Killed from afar by Sigmund

Illustrated notes

Levels and vault maps discovered:
D:1:      sevenhm_arrival_forest_fort_small_6, layout_basic
D:2:      layout_basic, minmay_randomly_rotated_circles, uniq_terence,
          uniq_sigmund

Skill      XL: |  1  2 |
---------------+-------+-----
Axes           | 3 |  3.4
Fighting       | |  3.8
Armour         | |  2.2
Dodging        | |  1.8

Action                     || total
---------------------------++-------
  Melee: Hand axe          ||    65
         Punch             ||     1
 Invoke: Berserk           ||     1
    Use: Scroll            ||     2
 Armour: Animal skin       ||    39
  Dodge: Dodged            ||    39

Table legend: (Time is in decaauts)
 A = Elapsed time spent in this place.
 B = Non-inter-level travel time spent in this place.
 C = Inter-level travel time spent in this place.
 D = Time resting spent in this place.
 E = Time spent auto-exploring this place.
 F = Levels seen in this place.
 G = Mean time per level.
                   A        B        C        D        E       F      G
               +--------+--------+--------+--------+--------+-----+--------+
         Total |    929 |    901 |     28 |      0 |    648 |   2 |  464.5 |
       Dungeon |    929 |    901 |     28 |      0 |    648 |   2 |  464.5 |
               +--------+--------+--------+--------+--------+-----+--------+

Top non-repeatable levels by time:
     D:1: 869 daAuts
     D:2: 60 daAuts
